 Dungeon Crawl Stone Soup version 0.22-a0-525-gf69a080 (webtiles) character file.

25 kae the Insei (level 2, -2/21 HPs)
             Began as a Demonspawn Transmuter on June 20, 2018.
             Slain by a kobold
             ... wielding a +2 whip of electrocution
              (18 damage)
             ... on level 2 of the Dungeon.
             The game lasted 00:00:49 (1311 turns).

kae the Insei (Demonspawn Transmuter)               Turns: 1311, Time: 00:00:49

Health: -2/21      AC:  3    Str: 10    XL:     2   Next: 82%
Magic:  0/5        EV: 12    Int: 14    God:
Gold:   57         SH:  0    Dex: 13    Spells: 2/5 levels left

rFire    . . .     SeeInvis .     - Unarmed
rCold    . . .     Gourm    .   (no shield)
rNeg     . . .     Faith    .   h - +1 robe (curse)
rPois    .         Spirit   +   (no helmet)
rElec    .         Reflect  .   (no cloak)
rCorr    .         Harm     .   (no gloves)
MR       .....                  (no boots)
Stlth    +.........             (no amulet)
HPRegen  0.07/turn              e - ring of wizardry
MPRegen  0.09/turn              (no ring)

@: no status effects
A: magic shield
a: no special abilities


You were on level 2 of the Dungeon.
You were very hungry.

You visited 1 branch of the dungeon, and saw 2 of its levels.

You collected 57 gold pieces.

Inventory:

Missiles
 a - 10 arrows
Armour
 h - a cursed +1 robe (worn)
Jewellery
 e - a ring of wizardry (left hand)
Scrolls
 f - a scroll of immolation
 g - 2 scrolls of magic mapping
Comestibles
 d - 2 rations


   Skills:
 + Level 1.4 Fighting
 - Level 1.7 Dodging
 * Level 3.1 Unarmed Combat
 + Level 2.2 Spellcasting
 + Level 2.1 Transmutations


You had 2 spell levels left.
You knew the following spells:

 Your Spells              Type           Power        Failure   Level  Hunger
a - Beastly Appendage     Tmut           #.....       4%          1    #......
b - Sticks to Snakes      Tmut           #.......     6%          2    ###....

Your spell library contained the following spells:

 Spells                   Type           Power        Failure   Level  Hunger
 Spider Form              Tmut/Pois      #.........   17%         3    ###....
 Blade Hands              Tmut           #.........   69%         5    ######.
 Ice Form                 Ice/Tmut       #.......     50%         4    #####..


Dungeon Overview and Level Annotations

Branches:
Dungeon (2/15)

Altars:


Innate Abilities, Weirdness & Mutations

When hurt, damage is shared between your health and your magic reserves.


Message History

A leopard gecko comes into view.
You hit the goblin.
The goblin is severely wounded.
Your talons disappear.
The goblin hits you but does no damage. The kobold barely misses you.
You closely miss the goblin.
The goblin is severely wounded.
The goblin hits you but does no damage.
The kobold hits you with a whip of electrocution.
You hit the goblin.
You kill the goblin!
The kobold barely misses you.
Casting: Beastly Appendage (safe; 4% risk of failure)
Confirm with . or Enter, or press ? or * to list all spells.
You create a snake!
You now have 10 arrows.
The kobold hits you with a whip of electrocution.
The kobold hits you with a whip of electrocution.
You are electrocuted!
Ouch! That really hurt!
You die...

,,,,,,,***,,,,.....,,,,,*,,,,,,**
,*,,**,* *****#.[.#****,*,*,**,*
,,,,,,,* #....,,,,,*,*,,*,*
**,,**,* #...#******,**,*,*
,,,,**,* #...# *,,,,,,**
***,,,,********.l.* *,,,,,,,,
******,,,,,,*#K#* **,**,**,,
*,****,*#K# **,,**,**,,
**,****,*#@#***##.*,**,,,,,
*,,...#.##S##....#**,****,,
*,,.......<...#**,*,*****,*
*,,####.####### **,,,,,,,,*
*,,,,..,* **,********
*,,*##****** **,,,** *,,,,,,,,,,*
*,,,,,* *,,,******,* *,,,,,*
*,*,* ***,*** *,,,,,*


You could see a leopard gecko, 2 kobolds and a friendly ball python.

Vanquished Creatures
  2 leopard geckos (D:1)
  A giant cockroach (D:1)
  2 hobgoblins (D:1)
  2 jackals (D:1)
  3 bats (D:1)
  2 frilled lizards
  4 goblins
  A kobold (D:1)
  A rat (D:1)
18 creatures vanquished.

Vanquished Creatures (collateral kills)
  A dart slug (D:1)
  A bat (D:1)
  A rat (D:1)
3 creatures vanquished.

Grand Total: 21 creatures vanquished

Notes
Turn   | Place    | Note
-------+----------+-------------------------------------------
     0 | D:1      | kae the Demonspawn Transmuter began the quest for the Orb.
     0 | D:1      | Reached XP level 1. HP: 15/15 MP: 3/3
     6 | D:1      | Noticed a worker ant
     6 | D:1      | Noticed a komodo dragon
     7 | D:1      | Noticed a frost giant
     7 | D:1      | Noticed a hell rat
   372 | D:1      | Gained mutation: When hurt, damage is shared between your health and your magic reserves. [demonic ancestry]
   372 | D:1      | Reached XP level 2. HP: 21/21 MP: 3/5
   439 | D:1      | Learned a level 2 spell: Sticks to Snakes
   448 | D:1      | Reached skill level 3 in Unarmed Combat
  1311 | D:2      | Slain by a kobold

Vault maps used:
D:1:      onia_arrival_zoo_common, patterned_corridor
D:2:      cheibriados_altar_1

Skill      XL: |  1  2 |
---------------+-------+-----
Unarmed Combat | 3 |  3.1
Transmutations | 2 |  2.1
Fighting       | |  1.4
Dodging        | |  1.7
Spellcasting   | |  2.2

Action                   || total
-------------------------++-------
Melee: Unarmed           ||    64
       Kick              ||     3
       Headbutt          ||     2
 Cast: Beastly Appendage ||     7
       Sticks to Snakes  ||     2
  Use: Scroll            ||     5
 Stab: Sleeping          ||     1
Armor: Robe              ||    10
Dodge: Dodged            ||    58

Table legend:
 A = Spawn XP
 B = Non-spawn XP
 C = Spawn XP percentage of total XP
 D = Spawn monster count
 E = Non-spawn monster count
 F = Spawn count percentage of total count
 G = Total turns spent on level
                    A         B        C        D         E        F      G
               +---------+---------+-------+---------+---------+-------+---------
         Total |       0 |      36 |   0.0 |       0 |      21 |   0.0 |  1311
               +---------+---------+-------+---------+---------+-------+---------
           D:1 |       0 |      33 |   0.0 |       0 |      19 |   0.0 |  1291
           D:2 |       0 |       3 |   0.0 |       0 |       2 |   0.0 |    20
               +---------+---------+-------+---------+---------+-------+---------
